[Event "*** SCC Grand Prix: Titled Tuesday Blitz"]
[Site "Chess.com"]
[Date "2020.06.23"]
[Round "7"]
[White "Enki007"]
[Black "Anuar_Is"]
[Result "1-0"]
[WhiteElo "2731"]
[BlackElo "2825"]
[TimeControl "180+1"]
[EndTime "11:14:44 PDT"]
[Termination "Enki007 won by resignation"]

1. d4 Nf6 2. Nf3 g6 3. Nbd2 d5 4. b4 a5 5. b5 Bg7 6. e3 O-O 7. Be2 c5 8. bxc6 Nxc6 9. O-O Bf5 10. c4 Nb4 11. Qb3 dxc4 12. Nxc4 b5 13. Nce5 Nc2 14. Rb1 b4 15. Bd3 Rc8 16. Bxf5 gxf5 17. Bb2 Qd5 18.
Rfc1 Qxb3 19. axb3 a4 20. bxa4 b3 21. Nd2 Ne4 22.
Nxb3 Ra8 1-0

[Event "*** SCC Grand Prix: Titled Tuesday Blitz"]
[Site "Chess.com"]
[Date "2020.06.23"]
[Round "7"]
[White "GM_LOADING"]
[Black "Zkid"]
[Result "1-0"]
[WhiteElo "2584"]
[BlackElo "2713"]
[TimeControl "180+1"]
[EndTime "11:14:51 PDT"]
[Termination "GM_LOADING won by checkmate"]

1. e4 e6 2. d4 d5 3. Nc3 Bb4 4. Ne2 dxe4 5. a3 Bxc3+ 6. Nxc3 Nc6 7. Bb5 Ne7 8. Bg5 f6 9. Be3 O-O 10. Qd2 f5 11. O-O-O a6 12. Bxc6 Nxc6 13. f3 exf3 14.
gxf3 Ne7 15. Rhg1 Kh8 16. h4 e5 17. Qg2 Rg8 18. dxe5 Qe8 19. e6 Bxe6 20. Bd4 Qf7 21. h5 Nc6 22. Be3 Qxh5 23. Rh1 Qf7 24. Rxh7+ Kxh7 25. Rh1+ Qh5 26. Rxh5# 1-0

[Event "*** SCC Grand Prix: Titled Tuesday Blitz"]
[Site "Chess.com"]
[Date "2020.06.23"]
[Round "7"]
[White "exoticprincess"]
[Black "Grischuk"]
[Result "1-0"]
[WhiteElo "2799"]
[BlackElo "3075"]
[TimeControl "180+1"]
[EndTime "11:14:53 PDT"]
[Termination "exoticprincess won by resignation"]

1. d4 Nf6 2. c4 g6 3. Nc3 Bg7 4. e4 d6 5. f4 c5 6. d5 O-O 7. Nf3 e6 8. Be2 exd5 9. cxd5 Nbd7 10. O-O Re8 11. Nd2 c4 12. Kh1 b5 13. Nxb5 Nxe4 14.
Nxe4 Rxe4 15. Bf3 Nc5 16. Bxe4 Nxe4 17. Qe2 Bf5 18. Be3 Qb6 1-0

[Event "*** SCC Grand Prix: Titled Tuesday Blitz"]
[Site "Chess.com"]
[Date "2020.06.23"]
[Round "7"]
[White "chessplayer9919"]
[Black "Boninknights"]
[Result "1-0"]
[WhiteElo "2519"]
[BlackElo "2305"]
[TimeControl "180+1"]
[EndTime "11:14:56 PDT"]
[Termination "chessplayer9919 won by checkmate"]

1. d4 Nf6 2. c4 g6 3. Nc3 Bg7 4. e4 d6 5. f4 c5 6. d5 b5 7.
cxb5 a6 8. Nf3 O-O 9. a4 axb5 10. Bxb5 Ba6 11. Bxa6 Nxa6 12. O-O Qb6 13. Qe2 Nc7 14.
Rd1 Rfb8 15. e5 Ng4 16. h3 c4+ 17. Kf1 Nh6 18. g4 Qb4 19. Qf2 Kh8 20. Qh4 Ng8 21. Ng5 h6 22. Nxf7+ Kh7 23. f5 dxe5 24. fxg6+ Kxg6 25. Qh5+ Kh7 26. Qf5# 1-0

[Event "*** SCC Grand Prix: Titled Tuesday Blitz"]
[Site "Chess.com"]
[Date "2020.06.23"]
[Round "7"]
[White "Lucas_Tomiello"]
[Black "Irishchessman16"]
[Result "1-0"]
[WhiteElo "2337"]
[BlackElo "2438"]
[TimeControl "180+1"]
[EndTime "11:15:00 PDT"]
[Termination "Lucas_Tomiello won by resignation"]

1. e4 c5 2. Nf3 Nc6 3. Bb5 e5 4. O-O Bd6 5. c3 Nge7 6. d4 exd4 7. cxd4 cxd4 8. Nxd4 O-O 9. Nf3 Bc7 10. Nc3 d6 11. h3 a6 12. Ba4 b5 13. Bb3 Na5 14.
Bc2 Bb7 15. Bg5 h6 16. Bh4 Qe8 17. Re1 Ng6 18. Bg3 Ne5 19. Nxe5 dxe5 20. Nd5 Bd8 21.
Qf3 Nc6 22. Bb3 Nd4 23. Qd3 Ba5 24. Red1 Rd8 25. a4 Kh8 26. axb5 Qxb5 27. Qxb5 axb5 28. Rxd4 exd4 29. Rxa5 f5 30. Rxb5 Ba6 31. Rb6 fxe4 32. Rxa6 Rb8 33. Bxb8 Rxb8 34. Rb6 1-0

[Event "*** SCC Grand Prix: Titled Tuesday Blitz"]
[Site "Chess.com"]
[Date "2020.06.23"]
[Round "7"]
[White "Titus369"]
[Black "ShahMatKanal"]
[Result "1-0"]
[WhiteElo "2557"]
[BlackElo "2397"]
[TimeControl "180+1"]
[EndTime "11:15:03 PDT"]
[Termination "Titus369 won by checkmate"]

1. e4 c5 2. Nf3 Nc6 3. d4 cxd4 4. Nxd4 e5 5. Nb5 a6 6. Nd6+ Bxd6 7. Qxd6 Qf6 8.
Qxf6 Nxf6 9. Nc3 d5 10. exd5 Nb4 11. Bd3 Nxd3+ 12. cxd3 Bf5 13. Bg5 Bxd3 14. O-O-O Bg6 15. Rhe1 Kd7 16. Rxe5 Rhe8 17. Rde1 Rxe5 18. Rxe5 Ng8 19. Bf4 f6 20. Re6 Re8 21. Rd6+ Kc8 22. Na4 Re4 23. Nb6+ Kb8 24. Rd8+ Ka7 25. Bc7 Ne7 26. Ra8# 1-0

[Event "*** SCC Grand Prix: Titled Tuesday Blitz"]
[Site "Chess.com"]
[Date "2020.06.23"]
[Round "7"]
[White "timator"]
[Black "AradNazari"]
[Result "1-0"]
[WhiteElo "2553"]
[BlackElo "2386"]
[TimeControl "180+1"]
[EndTime "11:15:03 PDT"]
[Termination "timator won by resignation"]

1. Nf3 Nf6 2. d4 g6 3. g3 d5 4.
Bg2 Bg7 5. O-O O-O 6. c4 c6 7. b3 Ne4 8. Bb2 Nd7 9. e3 Nb6 10. cxd5 cxd5 11. Nc3 Nxc3 12. Bxc3 Bd7 13. Qd2 Rc8 14.
Rfc1 Rc7 15. Ne5 Be6 16. Nd3 Nd7 17. Bb4 Nb8 18. Nc5 Bc8 19. Ba3 b6 20. Nd3 Nc6 21.
Rc2 Bb7 22. Rac1 Qd7 23. Nb4 Rfc8 24. Nxd5 Nxd4 25. Rxc7 1-0

[Event "*** SCC Grand Prix: Titled Tuesday Blitz"]
[Site "Chess.com"]
[Date "2020.06.23"]
[Round "7"]
[White "Spartakus1975"]
[Black "Bigfish1995"]
[Result "0-1"]
[WhiteElo "2683"]
[BlackElo "3030"]
[TimeControl "180+1"]
[EndTime "11:15:04 PDT"]
[Termination "Bigfish1995 won by resignation"]

1. e4 c5 2. c3 d5 3. exd5 Qxd5 4. d4 g6 5. Nf3 Bg7 6. Na3 cxd4 7. Bc4 Qd8 8. Nb5 Nf6 9. Qxd4 Bd7 10. Bxf7+ Kxf7 11. Qc4+ e6 12. Ng5+ Kg8 13. Nc7 Qc8 14.
Bf4 Na6 15. O-O-O Nxc7 16. Bxc7 h6 17. Nf3 Nd5 18. Rxd5 exd5 19. Qxd5+ Be6 20. Qd6 Kh7 21. Re1 Re8 22. h4 Bf5 23. Ne5 Qe6 0-1

[Event "*** SCC Grand Prix: Titled Tuesday Blitz"]
[Site "Chess.com"]
[Date "2020.06.23"]
[Round "7"]
[White "BillieKimbah"]
[Black "Eltaj_Safarli"]
[Result "1-0"]
[WhiteElo "2874"]
[BlackElo "2954"]
[TimeControl "180+1"]
[EndTime "11:15:06 PDT"]
[Termination "BillieKimbah won by resignation"]

1. d4 Nf6 2. Nf3 e6 3. Bg5 d5 4. e3 Be7 5. Nbd2 O-O 6. Bd3 h6 7. Bf4 c5 8. c3 Nc6 9. Qe2 b6 10. g4 cxd4 11. exd4 Ne8 12. Rg1 Bd6 13. Be3 f6 14. h4 e5 15. g5 e4 16. Nxe4 dxe4 17. Bxe4 Bd7 18. gxh6 Rf7 19. Qc4 Qe7 20. Bd5 Na5 21.
Bxf7+ Kf8 22. h7 Nxc4 23. Bxc4 1-0

[Event "*** SCC Grand Prix: Titled Tuesday Blitz"]
[Site "Chess.com"]
[Date "2020.06.23"]
[Round "7"]
[White "j_coca"]
[Black "MartinMatthiesen"]
[Result "0-1"]
[WhiteElo "2190"]
[BlackElo "2337"]
[TimeControl "180+1"]
[EndTime "11:15:06 PDT"]
[Termination "MartinMatthiesen won by resignation"]

1. f4 d5 2. Nf3 Nf6 3. e3 g6 4. d4 Bg7 5. c3 O-O 6. Bd3 b6 7. O-O Ba6 8. Bxa6 Nxa6 9. Ne5 Nb8 10. Nd2 c5 11. Qf3 e6 12. g4 Qc7 13. Qg2 Nbd7 14. h4 Ne8 15. Nxd7 Qxd7 16. f5 gxf5 17. gxf5 Kh8 18. Kh1 Bf6 19. Qh3 Nd6 20. e4 dxe4 21.
dxc5 Nxf5 22. cxb6 Rg8 23. Rg1 Rxg1+ 24. Kxg1 Rg8+ 25.
Kf1 e3 26. Nf3 Qd3+ 27. Ke1 Bxh4+ 0-1

[Event "*** SCC Grand Prix: Titled Tuesday Blitz"]
[Site "Chess.com"]
[Date "2020.06.23"]
[Round "7"]
[White "Ural_bogatyr"]
[Black "j2806"]
[Result "1-0"]
[WhiteElo "2316"]
[BlackElo "2058"]
[TimeControl "180+1"]
[EndTime "11:15:06 PDT"]
[Termination "Ural_bogatyr won by resignation"]

1. e4 c5 2. Nf3 d6 3. d4 cxd4 4. Qxd4 Nc6 5. Bb5 Bd7 6. Bxc6 Bxc6 7. Nc3 Nf6 8. Bg5 e6 9. O-O-O Be7 10. Qd3 a6 11.
Nd4 Qc7 12. f4 O-O 13. Kb1 Rfd8 14. h4 b5 15. f5 e5 16. Nxc6 Qxc6 17. Bxf6 Bxf6 18.
Nd5 Rac8 19. g4 Rd7 20. g5 Bd8 21. f6 gxf6 22. gxf6 Kh8 23. Rhg1 Bb6 24. Rg7 Rdd8 25. Qe2 Rg8 26. Rxh7+ 1-0

[Event "*** SCC Grand Prix: Titled Tuesday Blitz"]
[Site "Chess.com"]
[Date "2020.06.23"]
[Round "7"]
[White "Iskusnyh"]
[Black "VladimirBugayev"]
[Result "1-0"]
[WhiteElo "2457"]
[BlackElo "2282"]
[TimeControl "180+1"]
[EndTime "11:15:08 PDT"]
[Termination "Iskusnyh won by resignation"]

1. d4 d5 2. c4 c6 3. Nf3 Nf6 4. e3 e6 5. b3 Ne4 6. Bd3 f5 7. O-O Bd6 8. Ba3 O-O 9. Qc1 Rf6 10. Bxd6 Qxd6 11. Nbd2 Bd7 12. Ne5 Be8 13. f3 Nxd2 14. Qxd2 Nd7 15. Qb2 Rh6 16. f4 Bh5 17. cxd5 cxd5 18.
Rac1 Nxe5 19. dxe5 Qb6 20. Qd4 Qa5 21. Rf2 Be8 22.
Qc5 Qxc5 23. Rxc5 a6 24. Rc7 Bc6 25. Rc2 Rf8 26. Bxa6 g5 27. Bxb7 Bxb7 28. Rxb7 gxf4 29. exf4 1-0

[Event "*** SCC Grand Prix: Titled Tuesday Blitz"]
[Site "Chess.com"]
[Date "2020.06.23"]
[Round "7"]
[White "korbul"]
[Black "WPWPWP-2015"]
[Result "1-0"]
[WhiteElo "2504"]
[BlackElo "2361"]
[TimeControl "180+1"]
[EndTime "11:15:12 PDT"]
[Termination "korbul won by resignation"]

1. e4 c5 2. Nf3 d6 3. d4 cxd4 4. Nxd4 Nf6 5. Nc3 a6 6. f4 e5 7. Nf3 Nc6 8. Bd3 Be7 9. O-O b5 10. a3 Bb7 11. Kh1 h5 12. fxe5 dxe5 13. Bg5 Qd6 14.
Nh4 Nd4 15. Nf5 Nxf5 16. Rxf5 g6 17. Rf3 Bc8 18. Qd2 Bg4 19. Rf2 Rh7 20. Raf1 Ng8 21.
Bxe7 Nxe7 22. Bxb5+ 1-0

[Event "*** SCC Grand Prix: Titled Tuesday Blitz"]
[Site "Chess.com"]
[Date "2020.06.23"]
[Round "7"]
[White "BikingBrian"]
[Black "Lion-Al-Messi"]
[Result "0-1"]
[WhiteElo "2259"]
[BlackElo "2447"]
[TimeControl "180+1"]
[EndTime "11:15:12 PDT"]
[Termination "Lion-Al-Messi won by resignation"]

1. d4 d5 2. Bf4 Nf6 3. e3 Bf5 4. c4 e6 5. Nc3 Bd6 6. Bg5 c6 7. Qb3 b6 8. cxd5 exd5 9. Nf3 O-O 10. Ne5 h6 11. Bh4 Qc7 12. Bxf6 gxf6 13. Nf3 Nd7 14. Rc1 Qd8 15. Be2 Qe7 16. O-O b5 17. a4 b4 18.
Na2 Rac8 19. Bd3 Be4 20. Nd2 a5 21. f3 Bg6 22. Rfe1 c5 23. Bb5 c4 24. Qd1 Bb8 25. e4 Qd6 26. Nf1 Nb6 27. e5 fxe5 28. dxe5 Qc5+ 29. Kh1 d4 30. e6 Qd6 31. exf7+ Rxf7 32.
Be8 Rxf3 33. Bxg6 Rxf1+ 0-1

[Event "*** SCC Grand Prix: Titled Tuesday Blitz"]
[Site "Chess.com"]
[Date "2020.06.23"]
[Round "7"]
[White "LuckSlayeer"]
[Black "czasnaszachy"]
[Result "1-0"]
[WhiteElo "2442"]
[BlackElo "2246"]
[TimeControl "180+1"]
[EndTime "11:15:13 PDT"]
[Termination "LuckSlayeer won by resignation"]

1. e4 c5 2. Nf3 d6 3. Bb5+ Bd7 4. Bxd7+ Qxd7 5. O-O Nf6 6. Re1 Nc6 7. c3 e6 8. d4 cxd4 9. cxd4 d5 10. e5 Ne4 11.
Nbd2 Bb4 12. Nxe4 dxe4 13. Rxe4 Rd8 14. Bg5 Be7 15. Qd2 f6 16. exf6 gxf6 17. Bh4 e5 18.
Qh6 Nxd4 19. Nxd4 exd4 20. Rae1 1-0

[Event "*** SCC Grand Prix: Titled Tuesday Blitz"]
[Site "Chess.com"]
[Date "2020.06.23"]
[Round "7"]
[White "sertalzin"]
[Black "Mbneu"]
[Result "0-1"]
[WhiteElo "2017"]
[BlackElo "2190"]
[TimeControl "180+1"]
[EndTime "11:15:13 PDT"]
[Termination "Mbneu won by resignation"]

1. d4 Nf6 2. c4 c5 3. d5 e6 4. Nc3 exd5 5. cxd5 d6 6. e4 g6 7. f4 Bg7 8. Nf3 O-O 9. Be2 Nbd7 10. e5 dxe5 11.
fxe5 Ng4 12. e6 Nde5 13. exf7+ Rxf7 14. O-O Nxf3+ 15. Bxf3 Bd4+ 16. Kh1 Qh4 17. Bxg4 Bxg4 18. Qe1 Rxf1+ 19. Qxf1 Rf8 20. Bf4 g5 21. Qc4 gxf4 22. d6+ Kh8 0-1

[Event "*** SCC Grand Prix: Titled Tuesday Blitz"]
[Site "Chess.com"]
[Date "2020.06.23"]
[Round "7"]
[White "HouseOfDurin"]
[Black "nitpicker"]
[Result "0-1"]
[WhiteElo "1914"]
[BlackElo "2166"]
[TimeControl "180+1"]
[EndTime "11:15:14 PDT"]
[Termination "nitpicker won on time"]

1. d4 f5 2. Bg5 h6 3. Bh4 g6 4.
g4 fxg4 5. Qd3 Kf7 6. e4 d5 7.
Bg2 c6 8. Nc3 Nf6 9. Bxf6 exf6 10. exd5 Bf5 11. Be4 Bxe4 12. Qxe4 f5 13. Qe6+ Kg7 14.
O-O-O cxd5 15. Nge2 Nc6 0-1

[Event "*** SCC Grand Prix: Titled Tuesday Blitz"]
[Site "Chess.com"]
[Date "2020.06.23"]
[Round "7"]
[White "PawnEatingZombie"]
[Black "MoreChessJulia"]
[Result "1-0"]
[WhiteElo "2102"]
[BlackElo "1755"]
[TimeControl "180+1"]
[EndTime "11:15:16 PDT"]
[Termination "PawnEatingZombie won by checkmate"]

1. d4 g6 2. e4 Bg7 3. Nf3 c5 4. dxc5 Qa5+ 5. c3 Qxc5 6. Na3 a6 7. Be3 Bxc3+ 8. bxc3 Qxa3 9. Be2 Qxc3+ 10. Bd2 Qg7 11. Rc1 Nc6 12. Bc3 f6 13. e5 fxe5 14. O-O d6 15.
Bc4 Nh6 16. Ng5 Nd8 17. f4 Nhf7 18. Nxf7 Nxf7 19. Bxf7+ Qxf7 20. fxe5 Qxa2 21. exd6 Rg8 22. dxe7 Bd7 23. Qd6 Bc6 24. Rf8+ Rxf8 25. exf8=Q# 1-0

[Event "*** SCC Grand Prix: Titled Tuesday Blitz"]
[Site "Chess.com"]
[Date "2020.06.23"]
[Round "7"]
[White "Playgood28"]
[Black "Thej11"]
[Result "1/2-1/2"]
[WhiteElo "2281"]
[BlackElo "2428"]
[TimeControl "180+1"]
[EndTime "11:15:21 PDT"]
[Termination "Game drawn by repetition"]

1. d4 d5 2. c4 e5 3. dxe5 d4 4. a3 Nc6 5. e3 Nge7 6. Nf3 Bg4 7. Be2 Bxf3 8. Bxf3 dxe3 9. Qxd8+ Rxd8 10. Bxe3 Nxe5 11. Be2 Nd3+ 12. Bxd3 Rxd3 13. Nc3 a6 14. Ke2 Rd7 15. Rad1 Nf5 16. Rxd7 Kxd7 17. Rd1+ Kc8 18. Bf4 Bc5 19. Nd5 Re8+ 20. Kf1 Bd6 21. Bxd6 Nxd6 22. b3 Ne4 23. f3 Nc5 24. b4 Ne6 25. g3 c6 26. Nb6+ Kc7 27. c5 Nf8 28. Kf2 Re7 29. Na8+ Kc8 30. Nb6+ Kc7 31. Na8+ Kc8 32. Nb6+ Kc7 1/2-1/2

[Event "*** SCC Grand Prix: Titled Tuesday Blitz"]
[Site "Chess.com"]
[Date "2020.06.23"]
[Round "7"]
[White "kingofthenil"]
[Black "MaxVavulin"]
[Result "1-0"]
[WhiteElo "2413"]
[BlackElo "2543"]
[TimeControl "180+1"]
[EndTime "11:15:23 PDT"]
[Termination "kingofthenil won by resignation"]

1. d4 Nf6 2. c4 e6 3. Nc3 Bb4 4. a3 Bxc3+ 5. bxc3 b6 6. f3 d5 7. cxd5 exd5 8. e3 Ba6 9. Bxa6 Nxa6 10. Qa4+ Qd7 11.
Qxa6 Qc6 12. Ne2 O-O 13. a4 Rfe8 14. O-O h5 15. Qb5 Qe6 16. Nf4 Qd6 17. Qd3 h4 18. c4 dxc4 19. Qxc4 c6 20. Bd2 Rad8 21. Rfd1 Qd7 22.
Rac1 g5 23. Nd3 g4 24. Ne5 Rxe5 25. dxe5 gxf3 26. exf6 fxg2 27. Qxc6 h3 28. Qxd7 Rxd7 29. Be1 Rb7 30. Rc4 Kh7 31. Rg4 Rc7 32. Rd5 Kh6 33.
Rd8 Kh5 34. Rg7 1-0

[Event "*** SCC Grand Prix: Titled Tuesday Blitz"]
[Site "Chess.com"]
[Date "2020.06.23"]
[Round "7"]
[White "Philosopherrr"]
[Black "budda"]
[Result "1-0"]
[WhiteElo "2486"]
[BlackElo "2334"]
[TimeControl "180+1"]
[EndTime "11:15:32 PDT"]
[Termination "Philosopherrr won by resignation"]

1. e4 c5 2. Nf3 Nc6 3. d4 cxd4 4. Nxd4 g6 5. Nc3 Bg7 6. Nxc6 bxc6 7. Bd3 Nf6 8. O-O O-O 9. Qf3 d5 10. h3 d4 11. Ne2 e5 12. Ng3 c5 13. b3 Bb7 14.
a4 Nd7 15. a5 f5 16. Qe2 f4 17.
Nh1 Nf6 18. f3 g5 19. Ba3 Rc8 20. g4 fxg3 21. Nxg3 Qd7 22. Nf5 Nh5 23. Qg2 h6 24. Bc1 Nf4 25. Bxf4 exf4 26. Qg4 Bc6 27. Kh2 Rf6 28.
h4 Kf7 29. Qh5+ Ke6 30. Bc4+ Ke5 31. hxg5 hxg5 32. Qxg5 Rh8+ 33. Kg2 Bh6 34. Nxh6+ Kd6 35. Qxf6+ Kc7 1-0

[Event "*** SCC Grand Prix: Titled Tuesday Blitz"]
[Site "Chess.com"]
[Date "2020.06.23"]
[Round "7"]
[White "Kumi29"]
[Black "iaraldinho"]
[Result "0-1"]
[WhiteElo "2389"]
[BlackElo "2546"]
[TimeControl "180+1"]
[EndTime "11:15:32 PDT"]
[Termination "iaraldinho won by checkmate"]

1. e4 c5 2. b3 d5 3. exd5 Qxd5 4. Nc3 Qd6 5. Bb2 Nf6 6. Nf3 Nc6 7. Bb5 a6 8. Bxc6+ Qxc6 9. Qe2 Bg4 10. O-O-O e6 11. d4 cxd4 12. Rxd4 Bxf3 13. gxf3 Bc5 14. Rd2 Bb4 15. Rd3 Rc8 16. Ne4 Nxe4 17. fxe4 f6 18. Rg1 O-O 19. Kb1 Rc7 20. Rdg3 Bd6 21. e5 Bxe5 22.
Bxe5 fxe5 23. Qxe5 Qxc2+ 24. Ka1 g6 25. Qxe6+ Rff7 26. Qe8+ Kg7 27. Qe5+ Rf6 28. h4 Qc5 29. Qe8 Re7 30. Qa4 b5 31. Qg4 Rxf2 32. Qg5 Qd4+ 33. Kb1 Qb2# 0-1

[Event "*** SCC Grand Prix: Titled Tuesday Blitz"]
[Site "Chess.com"]
[Date "2020.06.23"]
[Round "7"]
[White "Semetey"]
[Black "Tsyhanchuk_Stanislav"]
[Result "1-0"]
[WhiteElo "2537"]
[BlackElo "2376"]
[TimeControl "180+1"]
[EndTime "11:15:33 PDT"]
[Termination "Semetey won by resignation"]

1. d4 Nf6 2. Nc3 d5 3. Bf4 c6 4. e3 Bf5 5. f3 h5 6. Bd3 e6 7. Nge2 Bd6 8. Bxd6 Qxd6 9. e4 dxe4 10. fxe4 Ng4 11. exf5 Ne3 12. Qd2 Nxg2+ 13. Kf2 Nh4 14.
Qg5 Nxf5 15. Bxf5 exf5 16. Qxg7 Rh6 17. Rae1 Nd7 18. Qg8+ Nf8 19. Nf4+ Re6 20. Nxe6 fxe6 21. Rxe6+ Qxe6 22. Re1 Qxe1+ 23. Kxe1 O-O-O 24. Ne2 Nd7 25. Qf7 1-0

[Event "*** SCC Grand Prix: Titled Tuesday Blitz"]
[Site "Chess.com"]
[Date "2020.06.23"]
[Round "7"]
[White "Resignify"]
[Black "mr65"]
[Result "1-0"]
[WhiteElo "2126"]
[BlackElo "2070"]
[TimeControl "180+1"]
[EndTime "11:15:34 PDT"]
[Termination "Resignify won on time"]

1. Nf3 Nf6 2. g3 g6 3. Bg2 Bg7 4. O-O O-O 5. d3 d5 6. Nbd2 c5 7. Re1 Nc6 8. e4 dxe4 9. dxe4 Bg4 10. h3 Bxf3 11. Qxf3 e5 12. c3 Qe7 13. Nc4 Nd7 14. Qe2 Rae8 15. Rd1 b6 16. Ne3 Nf6 17. Qb5 Qb7 18.
Nc4 a6 19. Qxb6 Qxb6 20. Nxb6 Rd8 21. Bg5 h6 22. Bxf6 Bxf6 23. Nd7 1-0

[Event "*** SCC Grand Prix: Titled Tuesday Blitz"]
[Site "Chess.com"]
[Date "2020.06.23"]
[Round "7"]
[White "kushagramohan"]
[Black "Sammed_Shete"]
[Result "1-0"]
[WhiteElo "2729"]
[BlackElo "2565"]
[TimeControl "180+1"]
[EndTime "11:15:41 PDT"]
[Termination "kushagramohan won by resignation"]

1. e4 c6 2. d4 d6 3. Nd2 g6 4.
Ngf3 Bg7 5. Bd3 Nf6 6. O-O O-O 7. c3 Nbd7 8. h3 e5 9. Re1 Nh5 10. Nf1 Qe7 11. Bg5 f6 12. Be3 Kh8 13. Qd2 f5 14.
exf5 gxf5 15. Bg5 Qf7 16. dxe5 dxe5 17. Nh4 e4 18. Bc2 Ne5 19. Ng3 Nxg3 20. fxg3 Be6 21. Rf1 Nc4 22. Qc1 Qh5 23. Bd1 Qe8 24. Be2 Ne5 25.
Kh2 Qd7 26. Qe3 Nc4 27. Bxc4 Bxc4 28. Rad1 Bd3 29. Rf2 Qe6 30. Rxd3 1-0

[Event "*** SCC Grand Prix: Titled Tuesday Blitz"]
[Site "Chess.com"]
[Date "2020.06.23"]
[Round "7"]
[White "ValeriyGrinev"]
[Black "Dmitry_Konenkin"]
[Result "0-1"]
[WhiteElo "2535"]
[BlackElo "2400"]
[TimeControl "180+1"]
[EndTime "11:15:43 PDT"]
[Termination "Dmitry_Konenkin won by resignation"]

1. c4 d6 2. Nc3 e5 3. Nf3 Be6 4. d4 Nd7 5. d5 Bg4 6. h3 Bxf3 7. exf3 f5 8. Bd3 g6 9. g4 Qf6 10. gxf5 gxf5 11. Qc2 Ne7 12. Rg1 Nc5 13. Bg5 Qf7 14.
O-O-O Nxd3+ 15. Qxd3 Ng6 16. c5 a6 17. c6 bxc6 18.
dxc6 Be7 19. Nd5 Bxg5+ 20. Rxg5 O-O 21. h4 Kh8 22. h5 Ne7 23. Nxc7 Rac8 24. Qxd6 Nxc6 25.
Nd5 Rfd8 26. Nc3 Rxd6 27. Rxd6 Qe7 28. Rxc6 Rxc6 29. Rxf5 Qc5 30. f4 Qxf2 31. Rxe5 Qxf4+ 0-1

[Event "*** SCC Grand Prix: Titled Tuesday Blitz"]
[Site "Chess.com"]
[Date "2020.06.23"]
[Round "7"]
[White "Beca95"]
[Black "tigra"]
[Result "1-0"]
[WhiteElo "2895"]
[BlackElo "2778"]
[TimeControl "180+1"]
[EndTime "11:15:44 PDT"]
[Termination "Beca95 won by resignation"]

1. d4 Nf6 2. c4 g6 3. Nc3 d5 4.
cxd5 Nxd5 5. Bd2 Nb6 6. e4 Bg7 7. Be3 O-O 8. h3 c5 9. d5 f5 10. exf5 Rxf5 11. Nf3 Bxc3+ 12. bxc3 Rxd5 13. Qb3 Nc6 14. Be2 Be6 15. Ng5 Qd7 16. Nxe6 Qxe6 17. O-O Kf7 18.
Bg4 Qd6 19. Bf3 e6 20. Bxd5 exd5 21. Rad1 Rc8 22. Rfe1 Nd8 23. c4 d4 24. Bxd4 cxd4 25.
c5+ Qd5 26. cxb6 Qxb3 27. axb3 Nc6 28. bxa7 Ra8 29. Ra1 Nb4 30. Ra4 Nc2 31. Rd1 b5 32.
Ra5 Ke6 33. Rd2 Nb4 34. Rxd4 Nc6 35. Ra6 Ke5 1-0

[Event "*** SCC Grand Prix: Titled Tuesday Blitz"]
[Site "Chess.com"]
[Date "2020.06.23"]
[Round "7"]
[White "cukin84"]
[Black "argentum049"]
[Result "0-1"]
[WhiteElo "2150"]
[BlackElo "2388"]
[TimeControl "180+1"]
[EndTime "11:15:46 PDT"]
[Termination "argentum049 won by resignation"]

1. e4 e6 2. d4 d5 3. Nc3 Nf6 4. e5 Nfd7 5. f4 c5 6. Nf3 Nc6 7. Be3 Be7 8. Be2 O-O 9. O-O b6 10. f5 cxd4 11. Bxd4 Nxd4 12. Nxd4 Nxe5 13. Kh1 Bf6 14.
Bb5 a6 15. Be2 b5 16. a3 Qb6 17. Nf3 Nc4 18. Qc1 Bb7 19. Nd1 Rac8 20. b3 Bxa1 21.
Qxa1 Ne3 22. Nxe3 Qxe3 23. Bd3 Rfe8 24. Ne5 exf5 25. Nxf7 Kxf7 26. Bxf5 Kg8 27. Bxc8 Rxc8 28. Qd1 d4 29. Qg4 Qe4 30. Qg5 h6 31. Qg3 Rxc2 32.
Rg1 d3 33. Qb8+ Kh7 34. Qg3 Rxg2 35. Rxg2 d2 0-1

[Event "*** SCC Grand Prix: Titled Tuesday Blitz"]
[Site "Chess.com"]
[Date "2020.06.23"]
[Round "7"]
[White "Canairez"]
[Black "pastouche06"]
[Result "1-0"]
[WhiteElo "2368"]
[BlackElo "2466"]
[TimeControl "180+1"]
[EndTime "11:15:48 PDT"]
[Termination "Canairez won on time"]

1. d4 Nf6 2. Nf3 d5 3. e3 c5 4.
c3 Qc7 5. dxc5 Qxc5 6. b3 g6 7. Be2 Bg7 8. O-O O-O 9. Bb2 Qc7 10. c4 Rd8 11. Qc1 dxc4 12. Bxc4 Nc6 13. Nc3 a6 14. h3 b5 15. Be2 Bb7 16. Rd1 Rxd1+ 17. Qxd1 Rd8 18. Qe1 Ne5 19. Nxe5 Qxe5 20. Rd1 Rc8 21.
Nd5 Qg5 22. f4 1-0

[Event "*** SCC Grand Prix: Titled Tuesday Blitz"]
[Site "Chess.com"]
[Date "2020.06.23"]
[Round "7"]
[White "StockholmMissile"]
[Black "BogdanBelyakov89"]
[Result "1-0"]
[WhiteElo "2448"]
[BlackElo "2574"]
[TimeControl "180+1"]
[EndTime "11:15:50 PDT"]
[Termination "StockholmMissile won by checkmate"]

1. d4 Nf6 2. c4 g6 3. Nc3 Bg7 4. e4 O-O 5. h3 d6 6. Be3 c5 7. Nf3 cxd4 8. Nxd4 a6 9. Be2 b6 10.
O-O Bb7 11. f3 Nbd7 12. Qd2 Nh5 13. Rfc1 e6 14. Rd1 Rc8 15. Nc2 Be5 16. f4 Bxc3 17.
Qxc3 Bxe4 18. Rxd6 Qc7 19. Rad1 Nc5 20. Bxh5 gxh5 21.
Qf6 Bxc2 22. Bd4 Ne4 23. Qh8# 1-0

[Event "*** SCC Grand Prix: Titled Tuesday Blitz"]
[Site "Chess.com"]
[Date "2020.06.23"]
[Round "7"]
[White "Andrii_Prydun"]
[Black "sergeikim"]
[Result "1-0"]
[WhiteElo "2395"]
[BlackElo "2499"]
[TimeControl "180+1"]
[EndTime "11:15:52 PDT"]
[Termination "Andrii_Prydun won by resignation"]

1. d4 Nf6 2. Nc3 d5 3. Bf4 Bf5 4. e3 e6 5. a3 a6 6. Nf3 h6 7.
Ne5 Nbd7 8. Bd3 Bh7 9. O-O c5 10.
Bg3 c4 11. Bxh7 Nxh7 12. f4 Nhf6 13. f5 exf5 14. Rxf5 Be7 15. Qf3 Nb6 16. Rf1 O-O 17. Bh4 Rc8 18. Bxf6 Bxf6 19. Rxf6 Qxf6 20. Qxf6 gxf6 21.
Rxf6 Na8 22. Nxd5 Kg7 23. Ng4 Nc7 24. Ne7 Rce8 25. Nf5+ Kg8 26. Rxh6 Nd5 27. Rd6 Nc7 28. Nf6+ Kh8 29. Nxe8 Nxe8 30. Rh6+ Kg8 31. Rb6 Kh7 32. e4 Nc7 33. Rxb7 Ne6 34. d5 Nc5 35. Rc7 Nxe4 36. Rxc4 Nf6 37. Rd4 Kg6 38. Ne7+ Kg5 39. d6 Rd8 40. Nc6 Rd7 41. Ne5 Ra7 42. d7 1-0

[Event "*** SCC Grand Prix: Titled Tuesday Blitz"]
[Site "Chess.com"]
[Date "2020.06.23"]
[Round "7"]
[White "MYMChessAcademy"]
[Black "FMalexhdez"]
[Result "1-0"]
[WhiteElo "2210"]
[BlackElo "2107"]
[TimeControl "180+1"]
[EndTime "11:15:52 PDT"]
[Termination "MYMChessAcademy won by resignation"]

1. e4 c5 2. Nf3 d6 3. d4 cxd4 4. Nxd4 Nf6 5. Nc3 a6 6. Be2 e5 7. Nb3 Be6 8. Be3 Nbd7 9. g4 Nb6 10. g5 Nfd7 11. h4 Rc8 12. Qd2 Nc4 13. Bxc4 Rxc4 14. O-O-O b5 15. f3 Qc7 16. Kb1 b4 17. Nd5 Bxd5 18.
Qxd5 Be7 19. Rc1 O-O 20. Na5 Rc5 21. Bxc5 Qxa5 22. Be3 Qc7 23. h5 Nb6 24. Qb3 a5 25. g6 a4 26. Qxb4 Rb8 27. Bxb6 Rxb6 28. Qxa4 1-0